 Dungeon Crawl Stone Soup version 0.16.0-17-g811c1d7 (webtiles) character file.

64945 RobertPalmer the Unseen (level 15, -12/85 HPs)
             Began as an Octopode Assassin on Mar 18, 2015.
             Was a High Priest of Nemelex Xobeh.
             Shot with an arrow by a centaur warrior (13 damage)
             ... on level 15 of the Dungeon on Mar 20, 2015.
             The game lasted 02:09:45 (31554 turns).

RobertPalmer the Unseen (Octopode Assassin)        Turns: 31554, Time: 02:09:46

Health: -12/85     AC: 10    Str: 11    XL:     15   Next: 14%
Magic:  44/44      EV: 28    Int: 14    God:    Nemelex Xobeh [*****.]
Gold:   1244       SH:  4    Dex: 20    Spells: 4 memorised, 2 levels left

rFire  + . .     SeeInvis +     a - +2 rapier (protect)
rCold  + + +     Clarity  .     w - +0 buckler {reflect}
rNeg   + + .     SustAb   .     E - +0 hat
rPois  .         Gourm    .     M - amulet of resist corrosion {rCorr, !d}
rElec  .         Spirit   .     o - ring of see invisible {sInv, !d}
rCorr  +         Warding  .     X - ring of magical power {MP+9}
rMut   .         Stasis   .     q - ring of positive energy {rN+}
MR     +....                    J - ring "Striw" {rC++ Int-5 Dex+3 Slay+2}
Stlth  +++++++++.               C - ring of protection from cold {rC+, !d}
                                m - ring of teleport control {cTele, !d}
                                R - ring of Doumog {rPois rF+ rN+ Int+3}
                                (no ring)

@: phasing, stone skin, poison vulnerable, flying (expiring), somewhat resistant
to hostile enchantments, incredibly stealthy
A: almost no armour, amphibious, 8 rings, constrict 8, antennae 1, camouflage 1,
high mp 1, gelatinous body 1
a: Triple Draw, Deal Four, Stack Five, Renounce Religion, Evoke Teleport Control


You were on level 15 of the Dungeon.
You worshipped Nemelex Xobeh.
Nemelex Xobeh was extremely pleased with you.
You were not hungry.

You visited 2 branches of the dungeon, and saw 23 of its levels.
You also visited: Labyrinth.

You collected 1674 gold pieces.
You spent 430 gold pieces at shops.

Inventory:

Hand weapons
 a - a +2 rapier of protection (weapon)
   (You took it off Eustachio on level 8 of the Dungeon)
 A - a +1 blowgun
Missiles
 e - 80 poisoned needles
 f - 11 curare-tipped needles
 s - 4 throwing nets {=f, !d}
Armour
 w - a +0 buckler of reflection (worn)
   (You found it on level 13 of the Dungeon)
 E - a +0 hat (worn)
   (You found it on level 13 of the Dungeon)
Magical staves
 x - an uncursed staff of wizardry {wiz+, !a}
   (You found it in a labyrinth)
Rods
 b - a +7 rod of clouds (16/16) {!a}
   (You found it on level 12 of the Dungeon)
 v - a +8 rod of ignition (13/13) {!a}
   (You found it in a labyrinth)
Jewellery
 m - a ring of teleport control (on tentacle) {cTele, !d}
   (You found it on level 11 of the Dungeon)
 o - a ring of see invisible (left tentacle) {sInv, !d}
   (You found it on level 3 of the Dungeon)
 q - a ring of positive energy (on tentacle) {rN+}
   (You found it on level 13 of the Dungeon)
 C - a ring of protection from cold (on tentacle) {rC+, !d}
   (You found it on level 12 of the Dungeon)
 J - the ring "Striw" (on tentacle) {rC++ Int-5 Dex+3 Slay+2}
   (You found it on level 8 of the Lair of Beasts)

   [ring of slaying]

   It affects your intelligence (-5).
   It affects your dexterity (+3).
   It affects your accuracy and damage with ranged weapons and melee attacks
   (+2).
   It greatly protects you from cold.
 M - an amulet of resist corrosion (around mantle) {rCorr, !d}
   (You found it on level 8 of the Dungeon)
 R - the ring of Doumog (on tentacle) {rPois rF+ rN+ Int+3}
   (You found it on level 15 of the Dungeon)

   [ring of protection from fire]

   It affects your intelligence (+3).
   It protects you from fire.
   It protects you from poison.
   It protects you from negative energy.
 X - a ring of magical power (right tentacle) {MP+9}
   (You found it on level 10 of the Dungeon)
Magical devices
 y - a wand of confusion (33)
   (You found it on level 4 of the Dungeon)
 H - a wand of fire (6)
   (You found it on level 1 of the Lair of Beasts)
 S - a wand of paralysis (15)
   (You found it on level 12 of the Dungeon)
 V - a wand of teleportation (0)
   (You found it on level 13 of the Dungeon)
 Y - a wand of paralysis (17)
   (You found it on level 6 of the Lair of Beasts)
Scrolls
 l - 3 scrolls of magic mapping {!r}
 p - 7 scrolls of remove curse
 O - 4 scrolls of enchant weapon
 T - 3 scrolls of amnesia
Potions
 c - 4 potions of restore abilities
 d - 2 potions of invisibility {unknown}
 h - 3 potions of resistance
 k - 5 potions of might
 n - 3 potions of lignification {!q}
 t - 2 potions of flight
 z - 4 potions of haste
 B - 10 potions of curing
 D - 4 potions of agility
 K - 5 potions of berserk rage {!q}
 N - 3 potions of cancellation
 Q - 2 potions of brilliance {unknown}
 W - a potion of ambrosia {unknown}
Miscellaneous
 i - an ornate deck of escape {drawn: 3}
   (Nemelex Xobeh gifted it to you on level 13 of the Dungeon)
 G - a plain deck of war {drawn: 4}
   (Nemelex Xobeh gifted it to you on level 14 of the Dungeon)
 L - a fan of gales
   (You found it on level 7 of the Lair of Beasts)
 P - an ornate deck of defence {drawn: 10}
   (You found it on level 9 of the Dungeon)
 U - a phial of floods (inert)
   (You found it on level 9 of the Dungeon)
 Z - an ornate deck of destruction {drawn: 5}
   (Nemelex Xobeh gifted it to you on level 14 of the Dungeon)
Comestibles
 g - 13 fruits
 j - 3 meat rations {@e2}
 u - 9 royal jellies


   Skills:
 - Level 2.0 Fighting
 - Level 10.0 Short Blades
 - Level 2.0 Throwing
 - Level 10.1 Dodging
 - Level 18.7 Stealth
 - Level 10.8 Conjurations
 - Level 3.3 Necromancy
 - Level 1.8 Fire Magic
 + Level 15.6 Evocations


You had 2 spell levels left.
You knew the following spells:

 Your Spells              Type           Power        Failure   Level  Hunger
b - Blink                 Tloc           N/A          75%         2    ###....
f - Fireball              Conj/Fire      ###.......   92%         5    ######.
s - Sticky Flame          Conj/Fire      ###.....     38%         4    #####..
A - Animate Skeleton      Necr           N/A          14%         1    ##.....


Dungeon Overview and Level Annotations

Branches:
Dungeon (15/15)            Temple (0/1) D:5            Lair (8/8) D:10
  Swamp (0/5) Lair:4       Spider (0/5) Lair:3        Slime (0/6) Lair:8
    Orc (0/4) D:11         Vaults (0/5) D:14
 Depths: D:15

Altars:
Ashenzari
Dithmenos
Fedhas
Nemelex Xobeh
Okawaru
Ru
Sif Muna
Trog
Vehumet
Yredelemnul
Zin
The Shining One

Shops:
D:5 ?   D:11 *

Annotations:
D:3 BLOAX's ghost, average TeMo
D:14 Snorg
D:15 exclusion: giant eyeball, Kirke


Innate Abilities, Weirdness & Mutations

You cannot wear most types of armour.
You are amphibious.
You can wear up to eight rings at the same time.
You can use your tentacles to constrict many enemies at once.
Your skin changes colour to match your surroundings (Stealth).
Your rubbery body absorbs attacks (AC +1).
You have a pair of small antennae on your head.
You have an increased reservoir of magic (+10% MP).


Message History

You have drawn the Orb.
Aim: a yaktaur, wielding an arbalest (almost dead, lightly drained)
The orb of energy hits the yaktaur.
You kill the yaktaur!
The orb of energy explodes!
You see here a bolt.
You feel yourself speed up.
The vault guard shouts!
Aim: a vault guard, wielding a glaive and wearing a chain mail (chance 39%)
The vault guard resists with some effort.
This wand has 34 charges left.
Aim: a vault guard, wielding a glaive and wearing a chain mail (chance 39%)
The vault guard appears confused.
This wand has 33 charges left.
The great orb of eyes gazes at you.
You feel your power leaking away.
You now have 39/44 mp.
The vault guard hits itself with a glaive!
A raven comes into view.
You draw a card...
It is Venom.
You have drawn Venom.
Aim: a vault guard, wielding a glaive and wearing a chain mail (lightly wounded, bewildered and confused)
The bolt of poison hits the great orb of eyes.
The bolt of poison hits the vault guard.
Releasing that poison leaves you vulnerable to poison.
The vault guard falls into the water!
The vault guard drowns.
You hear a splash. x2
The raven caws.
You puncture the great orb of eyes!
You squeeze the great orb of eyes, but do no damage.
The great orb of eyes bites you!
You take 9 damage, and have 26/85 hp.
You hit the great orb of eyes.
Your squeeze misses the great orb of eyes.
The great orb of eyes misses you.
You hit the great orb of eyes but do no damage.
The great orb of eyes misses you.
You barely miss the great orb of eyes.
You hit the great orb of eyes but do no damage.
The great orb of eyes barely misses you.
The raven pecks you.
* * * LOW HITPOINT WARNING * * *
The raven completely misses you.
You take 6 damage, and have 21/85 hp.
Unknown command.
You draw a card...
It is the Tomb.
Walls emerge from the floor!
The raven closely misses you. x2
The great orb of eyes bites you.
* * * LOW HITPOINT WARNING * * *
The raven misses you. The raven barely misses you.
You take 3 damage, and have 18/85 hp.
Deal from which deck? (? for menu, Esc to quit)
You deal a card...
It is the Elixir.
You deal a card...
It is the Banshee.
The great orb of eyes is drained!
The raven is drained!
The raven looks frightened!
The great orb of eyes resists with almost no effort.
You deal a card...
It is the Helm.
Your skin hardens.
You deal a card...
It is the Helm.
You feel the strange sensation of being on two planes at once.
The deck of cards disappears in a puff of smoke.
You feel somewhat more hungry.
The great orb of eyes completely misses you.
A raven comes into view.
You now have 37/44 mp.
You draw a card...
It is the Storm.
A tornado forms.
You block the great orb of eyes' attack.
You regained 4 mp, and now have 41/44 mp.
You hit the great orb of eyes. You squeeze the great orb of eyes.
The vortex of raging winds lifts you up.
You fly up into the air.
* * * LOW HITPOINT WARNING * * *
Your air elemental hits the great orb of eyes!
A tengu conjurer comes into view.
You take 6 damage, and have 13/85 hp.
MP restored: 44 Unknown command.
Drink which item? (? for menu, Esc to quit)
You feel better.
The raven dies!
* * * LOW HITPOINT WARNING * * *
Your air elemental hits the great orb of eyes!
The great orb of eyes dies!
You regained 2 hp, and now have 15/85 hp.
The walls disappear prematurely!
* * * LOW HITPOINT WARNING * * *
Your air elemental merges itself into the air.
Your air elemental forms itself from the air!
A manticore and a centaur warrior come into view.
You take 6 damage, and have 9/85 hp.
Unknown command.
Unknown command.
Unknown command.
Read which item? (? for menu, Esc to quit)
Okay, then.
Okay, then.
* * * LOW HITPOINT WARNING * * *
The centaur warrior wields a longbow.
The centaur warrior shoots an arrow.
The arrow hits you!
You die...
Your body glows slightly and disappears.

##%<######*,,***,,##.....#....##*
....#******,.,,##+#.....#.....+,*
....#*,∩,*#..,,+..............#,,
#...#,,,,,*.H.##...§§#.....#+##,,
#'###,,,,,###'#..§§§#§§§..##,,,,,
....##,,,##...c.§§§#§§§§..#**,,,,
.....#+#+#......§§#§§§§§§## **,,*
...............§§§§§§§§§## ****
.......#..}...§§@§§§v§§§#
...#...........§#E§§§§###
#.......#......#§§§§§§#
....#...........§§§§§##
.........#......§#####
.....#...........+,**
..........#......*,,**
#.....#...,.b.#+**,,,*
##....,,,.,.,**,,,,,,*


You could see a centaur warrior, a manticore, a raven (fleeing) and a friendly
air elemental.

Vanquished Creatures
  A ghost moth (Lair:2)
  Azrael (D:14)
  A minotaur (Lab)
  3 vault guards (D:15)
  Harold (Lair:5)
  4 hydras
  A centaur warrior (D:14)
  2 death yaks (Lair:8)
  A skeletal warrior (D:14)
  A fire crab (Lair:4)
  2 hill giants
  3 lindwurms (D:13)
  Pikel (D:8)
  A necromancer (D:10)
  An orb spider (Lair:3)
  6 ugly things
  A centaur zombie (D:14)
  7 spiny frogs
  2 black mambas (Lair:2)
  A gargoyle (D:13)
  6 yaktaurs
  A raiju (Lair:8)
  7 komodo dragons
  3 trolls
  5 polar bears (Lair:8)
  A two-headed ogre (D:9)
  2 fire drakes (Lair:6)
  2 slime creatures (Lair:8)
  3 blink frogs (Lair:3)
  2 basilisks
  24 yaks
  2 wraiths
  2 deep elf magi
  A wyvern (Lair:4)
  12 hippogriffs
  2 vampires
  Eustachio (D:8)
  2 fire elementals (D:14)
  A hungry ghost (D:12)
  8 vampire mosquitoes
  Menkaure (D:7)
  12 wolves
  A harpy simulacrum (D:14)
  11 porcupines
  3 wargs (Lair:8)
  6 hell hounds
  2 wasps
  10 water moccasins
  A swamp drake (Lair:3)
  5 orc warriors
  8 black bears
  2 eyes of draining (D:5)
  2 ice beasts
  A phantom (D:8)
  12 centaurs
  8 ogres
  4 necrophages
  5 boggarts
  4 sky beasts
  10 crocodiles
  3 lava snakes (Lab)
  A gnoll sergeant (D:8)
  7 big kobolds
  Blork the orc (D:7)
  16 giant frogs
  4 scorpions
  2 wyvern skeletons
  13 killer bees
  14 wights
  2 goliath beetles
  6 crimson imps
  A goliath beetle (shapeshifter) (D:13)
  A quasit (D:10)
  11 hounds
  6 jellies
  2 giant frog zombies
  2 polar bear simulacra (D:10)
  7 centaur skeletons
  7 orc priests
  7 iguanas
  20 orc wizards
  3 hell rats (Lair:2)
  10 worker ants
  3 wolf simulacra (D:10)
  17 sheep
  A yak simulacrum (D:10)
  14 gnolls
  29 river rats
  19 adders
  A giant mite (D:2)
  2 giant eyeballs (D:15)
  2 shadow imps
  3 worms
  2 adder zombies
  An adder skeleton (D:9)
  6 giant geckos
  An ooze (D:3)
  48 orcs
  2 ball pythons (D:4)
  7 giant cockroaches
  10 goblins
  15 hobgoblins
  15 jackals
  28 kobolds
  8 bats
  A giant gecko skeleton (D:4)
  2 giant gecko zombies (D:5)
  10 giant newts
  A giant spore (D:10)
  7 quokkas
  20 rats
  3 river rat simulacra (D:10)
  4 ballistomycetes
  A fungus (Lair:4)
  A plant (Lair:3)
666 creatures vanquished.

Vanquished Creatures (collateral kills)
  Rupert (Lair:8)
  A great orb of eyes (D:15)
  9 death yaks (Lair:8)
  Nergalle (D:11)
  A lindwurm (D:13)
  A cyclops (D:11)
  2 black mambas
  5 elephants (Lair:4)
  A torpor snail (Lair:7)
  6 komodo dragons
  6 spiny frogs
  4 polar bears
  2 ravens
  A blink frog (Lair:3)
  A raiju (Lair:8)
  2 spriggans
  10 yaks
  A deep elf mage (D:14)
  A hippogriff (Lair:3)
  6 wolves
  4 wargs (Lair:8)
  2 vampire mosquitoes
  2 insubstantial wisps (D:15)
  A hell hound (D:14)
  3 water moccasins
  2 orc warriors (D:11)
  2 porcupines
  An ogre (D:10)
  6 black bears (Lair:8)
  A wasp (D:15)
  A centaur (D:11)
  5 crocodiles
  An elephant skeleton (Lair:4)
  A boring beetle (Lair:6)
  2 giant frogs
  2 wights (D:8)
  A lava snake (Lab)
  8 hounds
  2 orc priests
  An iguana (Lair:3)
  An orc wizard (D:4)
  2 hell rats (Lair:2)
  A yak simulacrum (D:10)
  A polar bear simulacrum (D:10)
  2 sheep
  An adder (Lair:7)
  15 river rats
  An adder skeleton (Lair:1)
  12 orcs
  A goblin (D:11)
  2 quokkas
  3 rats (Lair:2)
  3 plants
155 creatures vanquished.

Vanquished Creatures (others)
  A centaur warrior (Lair:8)
  A hornet (Lair:8)
  2 ugly thing skeletons (D:14)
  A rust devil (D:14)
  A human skeleton (Lair:8)
  6 death yak skeletons (Lair:8)
  2 hydra skeletons (Lair:8)
  6 ravens
  A basilisk (Lair:8)
  3 air elementals
  3 water elementals
  A black mamba skeleton (Lair:2)
  2 vampire mosquitoes (D:15)
  2 hell hounds
  3 spiny frog skeletons
  An ice beast (Lair:8)
  A fire drake skeleton (Lair:6)
  A giant frog (D:8)
  A raiju skeleton (Lair:8)
  5 hell hound skeletons
  2 komodo dragon skeletons (Lair:2)
  5 water moccasin skeletons
  A polar bear skeleton (Lair:8)
  3 black bear skeletons (Lair:8)
  4 hippogriff skeletons
  2 warg skeletons (Lair:8)
  3 troll skeletons
  7 yak skeletons
  A killer bee (D:8)
  5 wolf skeletons
  4 giant frog skeletons
  3 porcupine skeletons
  A big kobold skeleton (D:14)
  2 crocodile skeletons
  6 hound skeletons
  An adder (Lair:8)
  A hell rat skeleton (Lair:2)
  An iguana skeleton (Lair:1)
  8 sheep skeletons
  A bat (D:8)
  A giant spore (D:13)
  11 orc skeletons
  3 quokka skeletons
  3 river rat skeletons (Lair:6)
  7 fungi
  3 plants (Lair:8)
133 creatures vanquished.

Grand Total: 954 creatures vanquished

Notes
Turn   | Place    | Note
--------------------------------------------------------------
     0 | D:1      | RobertPalmer, the Octopode Assassin, began the quest for the Orb.
     0 | D:1      | Reached XP level 1. HP: 14/14 MP: 1/1
   116 | D:1      | Reached XP level 2. HP: 16/19 MP: 2/2
   201 | D:1      | Reached skill level 3 in Short Blades
   803 | D:2      | Reached XP level 3. HP: 24/24 MP: 3/3
  1062 | D:2      | Reached skill level 6 in Stealth
  1522 | D:2      | Reached XP level 4. HP: 29/29 MP: 4/4
  1704 | D:3      | Found a deep blue altar of Sif Muna.
  1705 | D:3      | Found a basalt altar of Yredelemnul.
  1705 | D:3      | Noticed BLOAX's ghost (average TeMo)
  1896 | D:3      | Reached skill level 7 in Stealth
  2074 | D:3      | Found a sparkling altar of Nemelex Xobeh.
  2086 | D:3      | Found a glowing silver altar of Zin.
  2086 | D:3      | Found a shattered altar of Ashenzari.
  2087 | D:3      | Found a sacrificial altar of Ru.
  2087 | D:3      | Found a bloodstained altar of Trog.
  2091 | D:3      | Became a worshipper of Nemelex Xobeh the Trickster
  2407 | D:3      | Received a gift from Nemelex Xobeh
  2558 | D:3      | Reached XP level 5. HP: 34/34 MP: 5/5
  2896 | D:4      | Reached skill level 8 in Stealth
  3130 | D:4      | HP: 7/34 [orc priest/divine providence (15)]
  3619 | D:4      | Reached skill level 1 in Evocations
  3775 | D:4      | Reached skill level 2 in Evocations
  4045 | D:4      | Reached skill level 3 in Evocations
  4045 | D:4      | Reached XP level 6. HP: 39/39 MP: 9/9
  4254 | D:4      | Reached skill level 4 in Evocations
  4500 | D:4      | HP: 1/39 [orc priest/divine providence (11)]
  4959 | D:4      | Noticed an ogre
  4977 | D:4      | Killed an ogre
  4977 | D:4      | Reached skill level 5 in Evocations
  4977 | D:4      | Reached XP level 7. HP: 43/45 MP: 11/13
  5044 | D:5      | Entered Level 5 of the Dungeon
  5112 | D:5      | Received a gift from Nemelex Xobeh
  5121 | D:5      | Found a shadowy altar of Dithmenos.
  5165 | D:5      | Reached skill level 4 in Short Blades
  5452 | D:5      | Reached skill level 5 in Short Blades
  5454 | D:5      | Found Maustar's Magic Scroll Shoppe.
  5462 | D:5      | Bought a scroll of teleportation for 33 gold pieces
  5462 | D:5      | Bought a scroll of teleportation for 33 gold pieces
  5462 | D:5      | Bought a scroll of fog for 22 gold pieces
  5462 | D:5      | Bought a scroll of fear for 38 gold pieces
  5462 | D:5      | Bought a scroll of identify for 22 gold pieces
  5462 | D:5      | Bought a scroll of identify for 22 gold pieces
  5462 | D:5      | Bought a scroll of identify for 22 gold pieces
  5462 | D:5      | Bought a scroll of identify for 22 gold pieces
  5506 | D:5      | Found a staircase to the Ecumenical Temple.
  5641 | D:5      | Found a bloodstained altar of Trog.
  5671 | D:5      | Reached skill level 6 in Short Blades
  5671 | D:5      | Reached XP level 8. HP: 50/50 MP: 0/15
  5879 | D:5      | Reached skill level 9 in Stealth
  6116 | D:6      | Received a gift from Nemelex Xobeh
  6146 | D:6      | Reached skill level 10 in Stealth
  6691 | D:6      | Reached skill level 11 in Stealth
  7006 | D:6      | Learned a level 1 spell: Animate Skeleton
  7099 | D:7      | Noticed Menkaure
  7105 | D:7      | Killed Menkaure
  7105 | D:7      | Reached skill level 12 in Stealth
  7325 | D:7      | Reached XP level 9. HP: 49/54 MP: 17/17
  7593 | D:7      | Noticed Blork the orc
  7602 | D:7      | Killed Blork the orc
  7602 | D:7      | Reached skill level 6 in Evocations
  7825 | D:7      | Reached skill level 7 in Evocations
  8180 | D:8      | Reached skill level 8 in Evocations
  8384 | D:8      | Found a radiant altar of Vehumet.
  8397 | D:8      | Reached skill level 9 in Evocations
  8702 | D:8      | You fall through a shaft!
  8717 | D:11     | Acquired Nemelex Xobeh's first power
  8752 | D:10     | Entered Level 10 of the Dungeon
  8836 | D:9      | Found a blossoming altar of Fedhas.
  8855 | D:9      | Reached skill level 2 in Dodging
  8878 | D:9      | Reached skill level 3 in Dodging
  9052 | D:9      | Reached skill level 4 in Dodging
  9196 | D:8      | Reached XP level 10. HP: 52/60 MP: 22/22
  9433 | D:8      | Reached skill level 5 in Dodging
  9625 | D:8      | Noticed Eustachio
  9639 | D:8      | Killed Eustachio
  9733 | D:8      | Found an iron altar of Okawaru.
  9813 | D:8      | Received a gift from Nemelex Xobeh
 10110 | D:8      | Noticed Pikel
 10167 | D:8      | Killed Pikel
 10167 | D:8      | Reached skill level 7 in Short Blades
 10341 | D:8      | Upgraded the game from 0.16.0-12-g7215832 to 0.16.0-16-g311141a
 10939 | D:9      | Reached skill level 8 in Short Blades
 11301 | D:9      | Found a glowing golden altar of the Shining One.
 11737 | D:10     | Noticed a hill giant
 11965 | D:10     | Found a staircase to the Lair.
 12032 | D:10     | Reached skill level 9 in Short Blades
 12131 | D:10     | Received a gift from Nemelex Xobeh
 12221 | D:10     | Noticed a necromancer
 12273 | D:10     | Killed a necromancer
 12502 | D:10     | Reached skill level 10 in Short Blades
 12723 | Lair:1   | Entered Level 1 of the Lair of Beasts
 12811 | Lair:1   | Acquired Nemelex Xobeh's second power
 12825 | Lair:1   | Reached skill level 6 in Dodging
 12847 | Lair:1   | Reached XP level 11. HP: 64/64 MP: 23/23
 12918 | Lair:1   | Reached skill level 7 in Dodging
 13050 | Lair:1   | Received a gift from Nemelex Xobeh
 13216 | Lair:1   | Reached skill level 8 in Dodging
 13580 | Lair:1   | Received a gift from Nemelex Xobeh
 13580 | Lair:1   | Noticed an eight-headed hydra
 13668 | Lair:1   | Killed an eight-headed hydra
 13957 | Lair:2   | Reached skill level 9 in Dodging
 13993 | Lair:2   | Noticed an eight-headed hydra
 14416 | Lair:2   | Noticed a ghost moth
 14416 | Lair:2   | an eight-headed hydra changed into a ghost moth
 14489 | Lair:2   | HP: 10/64 [komodo dragon (28)]
 14680 | Lair:2   | Reached skill level 10 in Dodging
 14805 | Lair:2   | Reached skill level 13 in Stealth
 14930 | Lair:2   | Received a gift from Nemelex Xobeh
 15034 | Lair:2   | Killed a ghost moth
 15034 | Lair:2   | Reached skill level 14 in Stealth
 15056 | Lair:2   | Reached XP level 12. HP: 66/70 MP: 5/24
 15455 | Lair:2   | Reached skill level 15 in Stealth
 16179 | Lair:3   | Found a hole to the Spider Nest.
 16189 | Lair:3   | Reached skill level 16 in Stealth
 16375 | Lair:3   | Acquired Nemelex Xobeh's third power
 17187 | Lair:4   | Found a staircase to the Swamp.
 17225 | Lair:4   | Reached skill level 17 in Stealth
 17384 | Lair:4   | Received a gift from Nemelex Xobeh
 17670 | Lair:4   | HP: 13/70 [elephant (19)]
 17671 | Lair:4   | HP: 1/70 [elephant (12)]
 18013 | Lair:4   | Reached skill level 18 in Stealth
 18141 | Lair:4   | Received a gift from Nemelex Xobeh
 18708 | Lair:5   | Noticed Harold
 18719 | Lair:5   | Killed Harold
 19132 | Lair:6   | Learned a level 4 spell: Sticky Flame
 19189 | Lair:6   | Received a gift from Nemelex Xobeh
 19227 | Lair:6   | Reached skill level 1 in Conjurations
 19281 | Lair:6   | Identified a scroll of acquirement
 19282 | Lair:6   | Got an encrusted buckler
 19293 | Lair:6   | Identified the +2 buckler "Jeobb" {MP+9 Str+4 Dex-2} (You acquired it on level 6 of the Lair of Beasts)
 19337 | Lair:6   | Reached skill level 2 in Conjurations
 19337 | Lair:6   | Reached XP level 13. HP: 74/74 MP: 25/25
 19570 | Lair:6   | Reached skill level 3 in Conjurations
 19879 | Lair:6   | Received a gift from Nemelex Xobeh
 20246 | Lair:6   | Gained mutation: You have an increased reservoir of magic (+10% MP). [potion of beneficial mutation]
 20330 | Lair:7   | Reached skill level 4 in Conjurations
 20549 | Lair:7   | Reached skill level 5 in Conjurations
 20571 | Lair:7   | HP: 18/74 [poisoned by a spiny frog]
 20577 | Lair:7   | HP: 15/74 [poisoned by a spiny frog]
 20582 | Lair:7   | HP: 14/74 [poisoned by a spiny frog]
 20589 | Lair:7   | HP: 14/74 [poisoned by a spiny frog]
 20597 | Lair:7   | HP: 14/74 [poisoned by a spiny frog]
 20836 | Lair:7   | Upgraded the game from 0.16.0-16-g311141a to 0.16.0-17-g811c1d7
 20966 | Lair:7   | Reached skill level 6 in Conjurations
 21139 | Lair:7   | Received a gift from Nemelex Xobeh
 21253 | Lair:8   | Entered Level 8 of the Lair of Beasts
 21325 | Lair:8   | Reached skill level 7 in Conjurations
 21326 | Lair:8   | Found a staircase to the Slime Pits.
 21562 | Lair:8   | Received a gift from Nemelex Xobeh
 21569 | Lair:8   | Learned a level 5 spell: Fireball
 21655 | Lair:8   | Reached skill level 8 in Conjurations
 21865 | Lair:8   | Reached skill level 9 in Conjurations
 22049 | Lair:8   | Noticed Rupert
 22054 | Lair:8   | Paralysed by Rupert for 4 turns
 22059 | Lair:8   | Paralysed by Rupert for 7 turns
 22485 | Lair:8   | Reached skill level 10 in Conjurations
 22639 | Lair:8   | Killed Rupert
 22934 | Lair:8   | Reached skill level 1 in Fire Magic
 22936 | Lair:8   | Your ally Rupert died
 22942 | Lair:8   | Reached XP level 14. HP: 75/81 MP: 29/29
 23009 | Lair:8   | Got a fine bone ring
 23010 | Lair:8   | Identified the ring "Striw" {rC++ Int-5 Dex+3 Slay+2} (You found it on level 8 of the Lair of Beasts)
 23435 | Lair:8   | Reached skill level 1 in Necromancy
 23659 | Lair:8   | Noticed Shriehaaff the pandemonium lord
 23709 | Lair:8   | Reached skill level 2 in Necromancy
 23775 | Lair:8   | Reached skill level 3 in Necromancy
 24213 | D:11     | Noticed Nergalle
 24233 | D:11     | Found a staircase to the Orcish Mines.
 24318 | D:11     | Noticed a green ugly thing
 24343 | D:11     | Reached skill level 10 in Evocations
 24391 | D:11     | Killed a green ugly thing
 24476 | D:11     | Gained mutation: You have a pair of small antennae on your head. [potion of beneficial mutation]
 24618 | D:11     | Received a gift from Nemelex Xobeh
 24919 | D:11     | Killed Nergalle
 25050 | D:11     | Found Zeanwub's General Store.
 25088 | D:11     | Bought a scroll of enchant weapon for 120 gold pieces
 25088 | D:11     | Bought 2 throwing nets for 96 gold pieces
 25309 | D:12     | Identified a +0 rod of clouds (9/9) (You found it on level 12 of the Dungeon)
 25434 | D:12     | Received a gift from Nemelex Xobeh
 25818 | D:12     | Reached skill level 11 in Evocations
 26376 | D:12     | You fall through a shaft!
 26376 | D:14     | Noticed Azrael
 26380 | D:14     | You fall through a shaft!
 26380 | D:15     | Entered Level 15 of the Dungeon
 26380 | D:15     | Received a gift from Nemelex Xobeh
 26458 | D:15     | HP: 12/81 [spriggan rider/spear (10)]
 26527 | D:13     | Received a gift from Nemelex Xobeh
 26541 | D:13     | Found a labyrinth entrance.
 26551 | Lab      | Entered a labyrinth
 26847 | Lab      | Identified a +8 rod of ignition (13/13) (You found it in a labyrinth)
 26853 | Lab      | Learned a level 2 spell: Blink
 26854 | Lab      | Identified the Compendium of Floating Translocation (You found it in a labyrinth)
 26959 | D:13     | Received a gift from Nemelex Xobeh
 26981 | D:13     | Found a glowing silver altar of Zin.
 27418 | D:13     | Received a gift from Nemelex Xobeh
 27546 | D:13     | HP: 18/81 [centaur (5)]
 27551 | D:13     | Reached skill level 12 in Evocations
 29186 | D:14     | Reached skill level 13 in Evocations
 29376 | D:14     | Received a gift from Nemelex Xobeh
 29424 | D:14     | Found a gate to the Vaults.
 29582 | D:14     | Reached skill level 14 in Evocations
 30102 | D:14     | Noticed Snorg
 30584 | D:14     | HP: 13/81 [Azrael/burst of hellfire (27)]
 30595 | D:14     | Killed Azrael
 30661 | D:14     | Received a gift from Nemelex Xobeh
 30861 | D:14     | Reached XP level 15. HP: 85/85 MP: 34/34
 31407 | D:15     | Reached skill level 15 in Evocations
 31437 | D:15     | Got a vibrating bronze ring
 31452 | D:15     | Identified the ring of Doumog {rPois rF+ rN+ Int+3} (You found it on level 15 of the Dungeon)
 31476 | D:15     | HP: 20/85 [orc knight/bolt (25)]
 31478 | D:15     | Noticed Kirke
 31547 | D:15     | HP: 21/85 [raven[a tengu conjurer] (6)]
 31552 | D:15     | HP: 15/85 [twister/tornado[the player character] (7)]
 31554 | D:15     | HP: 1/85 [something/tornado[the player character] (8)]
 31554 | D:15     | Shot with an arrow by a centaur warrior

Action                   |  1- 3 |  4- 6 |  7- 9 | 10-12 | 13-15 || total
-------------------------+-------+-------+-------+-------+-------++-------
Melee: Dagger            |    49 |    99 |   156 |    29 |       ||   333
       Rapier            |       |       |       |   448 |   644 ||  1092
       Unarmed           |       |       |       |    12 |       ||    12
 Fire: Blowgun           |     4 |    27 |    87 |   150 |    83 ||   351
 Cast: Animate Skeleton  |       |       |     1 |    44 |    96 ||   141
Invok: Deal Four         |       |       |       |       |     6 ||     6
       Triple Draw       |       |       |       |       |     3 ||     3
Evoke: Deck              |       |     3 |     8 |    49 |    62 ||   122
       Wand              |       |       |     5 |    32 |    14 ||    51
       Phial of floods   |       |       |       |     3 |     2 ||     5
       Rod               |       |       |       |       |    26 ||    26
       Fan of gales      |       |       |       |       |     1 ||     1
       Lamp of fire      |       |       |       |       |     1 ||     1
  Use: Scroll            |       |    10 |    11 |    21 |    22 ||    64
       Potion            |       |       |       |       |    14 ||    14
 Stab: Sleeping          |     6 |    24 |    51 |    64 |    56 ||   201
       Distracted        |     1 |       |     2 |    13 |    15 ||    31
       Confused          |       |       |     3 |     4 |     5 ||    12
       Betrayed ally     |       |       |       |     1 |       ||     1
  Eat: Chunk             |     2 |     8 |    14 |    30 |    31 ||    85
       Beef jerky        |       |     1 |       |     1 |     6 ||     8
       Fruit             |       |       |       |     1 |     1 ||     2
       Pizza             |       |       |       |     2 |     1 ||     3
       Royal jelly       |       |       |       |       |     6 ||     6
       Bread ration      |       |       |       |       |     2 ||     2

Vault maps used:
D:1:      dpeg_arrival_tiny_g, serial_aquarium, aquarium_bridge_square,
          aquarium_window_corridor_3, aquarium_window_fake, aquarium_view_2c,
          st_stairs_3
D:2:      first_bread, patterned_corridor
D:3:      grunt_temple_overflow_open
D:5:      nicolae_dithmenos_shadow_blocks, minmay_temple_entry_crystal_x,
          serial_shops, shop, trog_eyes_of_draining
D:7:      minmay_flawed_box, the_bakery, uniq_blork_the_orc, uniq_menkaure
D:8:      kennysheep_mini_moat, fiery_altar_vehumet, uniq_eustachio, uniq_pikel
D:9:      nicolae_tso_carved_into_rock, fedhas_altar_1
D:10:     lair_0_dummy, eino_house_with_fridge
D:11:     erik_orc_4, serial_shops, shop, uniq_nergalle
D:13:     lab_entry_generic, basic_altar, minmay_lindwurm_lava
D:14:     hangedman_vaults_entry_quadrant_bands, serial_bayou_pond_e,
          uniq_azrael, uniq_snorg
D:15:     hangedman_spin_cycle, serial_shops
Lair:2:   kennysheep_abandoned_house, infiniplex_staircase_pool
Lair:3:   nicolae_spider_entry_orb_guardian, hibernation_bobbens
Lair:4:   swamp_mist
Lair:5:   uniq_harold
Lair:6:   bh_autumn_forest_stairs
Lair:7:   boulder_quad_collide
Lair:8:   hangedman_lair_caniforms_friends, minmay_slime_entry_pillars,
          lemuel_fruit_tree, grunt_megastairs_2, uniq_rupert
Lab:      labyrinth_mini_lab, nicolae_lab_x, lab_hedge, nicolae_lab_grate,
          labyrinth_skeletal_remains, lab_block, labyrinth_lava_lair,
          nicolae_lab_big_swirl

Table legend:
 A = Turns spent in this place as a percentage of turns spent in the entire game.
 B = Non-inter-level travel turns spent in this place as a percentage of non-inter-level travel turns spent in the entire game.
 C = Inter-level travel turns spent in this place as a percentage of turns spent in this place.
 D = Turns resting spent in this place as a percentage of non-inter-level travel turns spent in this place.
 E = Turns spent auto-exploring this place as a percentage of non-inter-level travel turns spent in this place.
 F = Non-inter-level travel turns spent in this place divided by the number of levels of this place that you've seen.
                   A       B       C       D       E      F
               +-------+-------+-------+-------+-------+----------------------
         Total | 100.0 | 100.0 |   0.3 |   2.0 |   3.8 | 598.2
       Dungeon |  58.1 |  58.1 |   0.3 |   2.2 |   4.7 | 556.2
          Lair |  39.9 |  39.9 |   0.2 |   1.7 |   2.7 | 716.2
     Labyrinth |   2.0 |   2.0 |   0.0 |   0.7 |   0.0 | 283.0
               +-------+-------+-------+-------+-------+----------------------

Table legend:
 A = Kills in this place as a percentage of kills in entire the game.
 B = Kills by you in this place as a percentage of kills by you in the entire game.
 C = Kills by friends in this place as a percentage of kills by friends in the entire game.
 D = Other kills in this place as a percentage of other kills in the entire game.
 E = Experience gained in this place as a percentage of experience gained in the entire game.
 F = Experience gained in this place divided by the number of levels of this place that you have seen.
                   A       B       C       D       E      F
               +-------+-------+-------+-------+-------+----------------------
         Total | 100.0 | 100.0 | 100.0 | 100.0 | 100.0 | 3865.8
       Dungeon |  58.9 |  66.3 |  25.5 |  66.7 |  45.6 | 2822.7
          Lair |  40.5 |  33.1 |  73.8 |  33.3 |  52.9 | 6138.8
     Labyrinth |   0.6 |   0.6 |   0.7 |   0.0 |   1.4 | 1328.0
               +-------+-------+-------+-------+-------+----------------------
